 Dungeon Crawl Stone Soup version 0.30-a0-359-gd0147acb1a (webtiles) character file.

Game seed: 11851882316641771565

18130 DrillMeBaby the Scholar of Death (level 12, -7/91 HPs)
             Began as a Demonspawn Necromancer on Nov 11, 2022.
             Was a Follower of Kikubaaqudgha.
             Mangled by a sixfirhy (12 damage)
             ... on level 10 of the Dungeon.
             The game lasted 01:03:50 (10901 turns).

DrillMeBaby the Scholar of Death (DsNe)            Turns: 10901, Time: 01:03:55

Health: -7/91      AC:  6    Str:  9    XL:     12   Next: 25%
Magic:  27/30      EV: 15    Int: 20    God:    Kikubaaqudgha [*.....]
Gold:   323        SH:  6    Dex: 15    Spells: 4/23 levels left

rFire   . . .      SeeInvis .    B - +4 spear (pain)
rCold   . . .      Faith    .    q - +1 buckler
rNeg    . . .      Spirit   .    O - +0 swamp dragon scales
rPois   +          Reflect  .    (helmet restricted)
rElec   .          Harm     .    s - +2 cloak {Will+}
rCorr   +          Rampage  .    u - +2 pair of gloves
Will    +....                    f - +2 pair of boots of Hubris {Regen+ rCorr}
Stlth   ++........               (no amulet)
HPRegen 1.15/turn                z - ring of magical power
MPRegen 0.22/turn                w - +4 ring of evasion

@: death channelling, corroded
A: horns 1, demonic guardian 2, foul stench 2, sturdy frame 1
a: Renounce Religion, Unearth Wretches


You were on level 10 of the Dungeon.
You worshipped Kikubaaqudgha.
Kikubaaqudgha was aware of your devotion.
You visited 2 branches of the dungeon, and saw 12 of its levels.
You also visited: Bailey and Gauntlet.

You collected 598 gold pieces.
You spent 275 gold pieces at shops.

Inventory:

Hand Weapons
 c - a +2 demon trident of electrocution
 B - a +4 spear of pain (weapon)
 F - the +12 halberd of Sicixis {freeze, rF+}
   (You found it on level 7 of the Dungeon)

   It freezes those it strikes, dealing additional cold damage.
   It can also slow down cold-blooded creatures.
   rF:        It protects you from fire.
Missiles
 e - 11 poisoned darts
 D - 2 throwing nets
Armour
 a - a +0 robe
 f - the +2 pair of boots of Hubris (worn) {Regen+ rCorr}
   (You acquired it on level 5 of the Dungeon)

   Regen:     It increases your rate of health regeneration.
   rCorr:     It protects you from acid and corrosion.
 k - an orb of mayhem
 q - a +1 buckler (worn)
 s - a +2 cloak of willpower (worn)
 u - a +2 pair of gloves (worn)
 x - a +2 leather armour of cold resistance
 O - +0 swamp dragon scales (worn)
Magical Staves
 p - a staff of death
Jewellery
 b - a ring of resist corrosion
 w - a +4 ring of evasion (right hand)
 z - a ring of magical power (left hand)
 H - a ring of ice
 L - a ring of fire
 N - an amulet of faith
 P - a ring of wizardry
 R - a ring of poison resistance
Wands
 g - a wand of roots (14)
 r - a wand of quicksilver (12)
 v - a wand of paralysis (9)
 y - a wand of flame (9)
 J - a wand of mindburst (5)
Scrolls
 d - a scroll of brand weapon {unknown}
 m - a scroll of noise
 n - 2 scrolls of butterflies
 t - a scroll of magic mapping
 A - a scroll of amnesia
 C - a scroll of immolation
 M - a scroll of poison
 Q - a scroll of fear {unknown}
 S - a scroll of torment
 T - a scroll of enchant armour
 U - a scroll of silence {unknown}
 W - a scroll of identify
Potions
 h - 6 potions of mutation
 i - 2 potions of resistance
 j - 3 potions of invisibility
 l - 3 potions of brilliance
 o - 3 potions of curing
 G - 3 potions of haste
 I - a potion of might
 K - 3 potions of magic
 V - a potion of flight {unknown}


   Skills:
 + Level 7.4 Fighting
 + Level 7.3 Polearms
 - Level 5.0 Armour
 - Level 1.7 Dodging
 - Level 1.7 Stealth
 - Level 4.0 Shields
 - Level 6.0 Spellcasting
 + Level 15.7 Necromancy


You had 4 spell levels left.
You knew the following spells:

 Your Spells              Type           Power      Damage    Failure   Level
a - Necrotise             Necr           100%       1d9       1%          1
b - Vampiric Draining     Necr           62%        2d10      1%          3
c - Animate Dead          Necr           62%        N/A       1%          4
d - Agony                 Necr           62%        N/A       1%          5
e - Death Channel         Necr           31%        N/A       5%          6

Your spell library contained the following spells:

 Spells                   Type           Power      Damage    Failure   Level
 Cigotuvi's Dreadful Rot  Necr/Pois/Air  52%        N/A       4%          2
 Summon Small Mammal      Summ           24%        N/A       22%         1
 Blink                    Tloc           12%        N/A       32%         2
 Momentum Strike          Conj/Tloc      12%        3d8       32%         2
 Call Canine Familiar     Summ           6%         N/A       54%         3
 Dazzling Flash           Conj/Hex       12%        N/A       54%         3
 Lesser Beckoning         Tloc           12%        N/A       54%         3
 Summon Guardian Golem    Hex/Summ       6%         N/A       54%         3
 Borgnjor's Vile Clutch   Necr/Erth      18%        N/A       24%         5
 Silence                  Hex/Air        3%         N/A       99%         5


Dungeon Overview and Level Annotations

Branches:
Dungeon (11/15)            Temple (1/1) D:4            Lair (0/5) D:11
 Bailey (visited)         Gauntlet (visited)
    Orc: D:9-12

Altars:
Ashenzari
Cheibriados
Dithmenos
Fedhas
Gozag
Hepliaklqana
Kikubaaqudgha
Makhleb
Nemelex Xobeh
Okawaru
Qazlal
Ru
Sif Muna
Trog
Uskayaw
Vehumet
Wu Jian
Xom
Yredelemnul

Shops:
D:5 [   D:8 :

Annotations:
D:10 exclusion: ice statue


Innate Abilities, Weirdness & Mutations

You have a pair of small horns on your head.
A demonic guardian rushes to your aid.
You sometimes emit foul miasma when damaged in melee.
Your movements are slightly less encumbered by armour. (ER -2)


Message History

The sixfirhy is lightly wounded.
The sixfirhy hits you.
A demonic guardian appears!
The sixfirhy shocks you! The sixfirhy hits you! The sixfirhy shocks you!
* * * LOW HITPOINT WARNING * * *
The sixfirhy barely misses you. The rust devil misses you.
As you read the scroll of butterflies, it crumbles to dust.
You hear the tinkle of a tiny bell.
Something completely misses your butterfly.
Something hits your butterfly.
Your butterfly dies!
Your butterfly disappears in a burst of colours!
Something hits your butterfly!
Your butterfly dies!
Your butterfly disappears in a burst of colours!
The rust devil barely misses you.
Your orange demon completely misses the sixfirhy.
You swap places.
Something closely misses your butterfly.
The rust devil hits your butterfly.
Your butterfly dies!
Your butterfly disappears in a burst of colours!
Your orange demon completely misses the sixfirhy.
Something completely misses your butterfly.
The sixfirhy closely misses you. Something hits your butterfly.
Your butterfly dies!
Your butterfly disappears in a burst of colours!
The sixfirhy hits you!
* * * LOW HITPOINT WARNING * * *
The sixfirhy shocks you!
* * * LOW HITPOINT WARNING * * *
Your orange demon stings the sixfirhy!
Your orange demon closely misses the sixfirhy.
You swap places.
The sixfirhy hits your butterfly!
Your butterfly dies!
Your butterfly disappears in a burst of colours!
Something misses your butterfly. The sixfirhy hits you.
* * * LOW HITPOINT WARNING * * *
The sixfirhy shocks you!
You die...
Kikubaaqudgha rasps: "You have failed me!
Welcome... death!"

#.# #.....# #.#
#####.# #Z# #.#
#.#######.#
#.Z.......#
#############..#####
#............b.#
#.......####b..####
#.....)...#.@bb...#
#......##.#43####.#
########....#.#b.#
#.#
....Z(.......b..4#
#.#
####..##...b.b#b##
#(# #..######.#<#b#
#.# ###.## #.#.#.#
#.# ....# #.#.#^#
#Z# ##### #.#.#.#
#.#


You could see a rust devil (ally target), a sixfirhy (ally target) and a
friendly orange demon (summoned).

Vanquished Creatures
  A boulder beetle (D:11)
  2 two-headed ogres (D:8)
  Joseph (D:8)
  A gargoyle (D:10)
  Maggie (D:7)
  An unseen horror (D:10)
  An ice devil (D:11)
  A wyvern (D:11)
  4 yaks
  2 basilisks (D:11)
  A steam dragon (D:10)
  2 acid dragons (D:10)
  4 water moccasins
  4 orc warriors
  7 ice beasts
  3 ogres
  4 centaurs
  A phantom (D:5)
  A gnoll sergeant (D:7)
  3 scorpions
  8 wights
  5 howler monkeys
  A quasit (D:11)
  5 orc priests
  3 hounds (D:6)
  2 jellies (D:8)
  Crazy Yiuf (D:6)
  An iguana (D:11)
  Ijyb (D:3)
  Natasha (thrice) (D:3)
  9 orc wizards
  7 adders
  12 gnolls
  A white imp (D:6)
  2 worms
  5 dart slugs
  46 orcs
  3 endoplasms
  3 giant cockroaches (D:1)
  8 goblins
  5 hobgoblins
  7 jackals (D:2)
  4 quokkas
  6 ball pythons
  6 bats
  3 frilled lizards (D:1)
  4 kobolds
  4 rats
210 creatures vanquished.

Vanquished Creatures (collateral kills)
  Fannar (D:10)
  Erica (D:10)
  An orc knight (Bailey)
  An ugly thing (D:11)
  A rust devil (D:11)
  A red devil (D:11)
  A wyvern (D:11)
  4 yaks
  2 centaurs
  A scorpion (D:5)
  4 wights (D:6)
  A howler monkey (D:11)
  An iguana (D:5)
  3 gnolls
  An adder (D:5)
  A worm (D:2)
  4 orcs
  A jackal (D:2)
  A kobold (D:2)
  2 rats (D:3)
33 creatures vanquished.

Vanquished Creatures (others)
  2 wyvern zombies (D:11)
  3 water moccasin zombies
  A centaur zombie (D:9)
  2 basilisk zombies (D:11)
  An orc wizard (D:6)
  An acid dragon zombie (D:10)
  A hound zombie (D:6)
  A howler monkey zombie (D:11)
  14 orc zombies
  A gnoll zombie (D:6)
  An iguana zombie (D:11)
  3 demonic plants (D:11)
  2 fungi (D:11)
  15 plants (D:11)
48 creatures vanquished.

Grand Total: 291 creatures vanquished

Notes
Turn   | Place    | Note
-------+----------+-------------------------------------------
     0 | D:1      | DrillMeBaby the Demonspawn Necromancer began the quest for
                  | the Orb.
     0 | D:1      | Reached XP level 1. HP: 13/13 MP: 3/3
   304 | D:1      | Reached skill level 1 in Fighting
   397 | D:1      | Gained mutation: A weak demonic guardian rushes to your
                  | aid. [demonic ancestry]
   397 | D:1      | Reached XP level 2. HP: 21/21 MP: 1/5
   925 | D:2      | Reached XP level 3. HP: 8/27 MP: 1/6
   926 | D:2      | Reached skill level 5 in Necromancy
  1305 | D:2      | Found a faded altar of an unknown god.
  1309 | D:2      | Found a shadowy altar of Dithmenos.
  1490 | D:2      | Gained mutation: Your movements are slightly less
                  | encumbered by armour. (ER -2) [demonic ancestry]
  1490 | D:2      | Reached XP level 4. HP: 34/34 MP: 3/7
  1920 | D:3      | Learned a level 3 spell: Vampiric Draining
  2054 | D:3      | Noticed Natasha
  2070 | D:3      | Killed Natasha
  2177 | D:3      | Gained mutation: You may rarely emit foul miasma when
                  | damaged in melee. [demonic ancestry]
  2177 | D:3      | Reached XP level 5. HP: 27/41 MP: 1/8
  2390 | D:3      | Noticed Natasha
  2438 | D:3      | Killed Natasha
  2439 | D:3      | Reached skill level 6 in Necromancy
  2723 | D:3      | Noticed Natasha
  2726 | D:3      | Killed Natasha
  2883 | D:3      | Noticed Ijyb
  2892 | D:3      | Killed Ijyb
  3147 | D:3      | Found an opulent altar of Gozag.
  3596 | D:4      | Gained mutation: A demonic guardian rushes to your aid.
                  | [demonic ancestry]
  3596 | D:4      | Reached XP level 6. HP: 48/48 MP: 9/9
  3738 | D:4      | Found a staircase to the Ecumenical Temple.
  3863 | D:4      | Noticed an ice beast
  3871 | D:4      | Killed an ice beast
  4000 | D:4      | Gained mutation: You have a pair of small horns on your
                  | head. [demonic ancestry]
  4000 | D:4      | Reached XP level 7. HP: 51/55 MP: 11/11
  4020 | Temple   | Entered the Ecumenical Temple
  4261 | D:4      | Reached skill level 7 in Necromancy
  4711 | D:5      | Entered Level 5 of the Dungeon
  4723 | D:5      | Reached skill level 5 in Fighting
  4891 | D:5      | Reached skill level 1 in Shields
  4896 | D:5      | Reached XP level 8. HP: 43/62 MP: 14/14
  5058 | D:5      | Learned a level 4 spell: Animate Dead
  5344 | D:5      | Found a shadowy altar of Dithmenos.
  5401 | D:5      | Found Esyj's Antique Armour Emporium.
  5408 | D:5      | Bought a pair of runed gloves for 165 gold pieces
  5416 | D:5      | Identified a scroll of acquirement
  5421 | D:5      | Acquired the +2 pair of boots of Hubris {Regen+ rCorr}
  5707 | D:5      | Reached skill level 8 in Necromancy
  5746 | D:5      | Bought a dyed leather armour for 110 gold pieces
  5823 | D:6      | Found a runed translucent door.
  5824 | D:6      | Noticed Crazy Yiuf
  5867 | D:6      | Killed Crazy Yiuf
  6114 | D:6      | Your ally Crazy Yiuf died
  6131 | D:6      | Reached skill level 5 in Spellcasting
  6409 | D:6      | Reached skill level 9 in Necromancy
  6558 | D:7      | Reached XP level 9. HP: 68/68 MP: 17/17
  6580 | D:7      | Reached skill level 1 in Polearms
  6624 | D:7      | Found a flagged portal.
  6629 | D:7      | Identified the +12 halberd of Sicixis {freeze, rF+}
  6635 | Bailey   | Entered a bailey
  6767 | Bailey   | Noticed an orc knight
  6774 | Bailey   | Killed an orc knight
  7301 | D:7      | Noticed Maggie
  7315 | D:7      | Killed Maggie
  7430 | D:7      | Reached skill level 10 in Necromancy
  7607 | D:7      | Learned a level 5 spell: Agony
  7728 | D:8      | Noticed Joseph
  7840 | D:8      | Killed Joseph
  7876 | D:8      | Noticed a two-headed ogre
  7887 | D:8      | Killed a two-headed ogre
  7888 | D:8      | Reached XP level 10. HP: 52/74 MP: 15/19
  7983 | D:8      | Found Saixzo's Vocational Training.
  8374 | D:8      | Noticed a two-headed ogre
  8385 | D:8      | Killed a two-headed ogre
  8386 | D:8      | Reached skill level 5 in Polearms
  8481 | D:8      | Reached skill level 11 in Necromancy
  8663 | D:9      | Found a sacrificial altar of Ru.
  8688 | D:9      | Reached skill level 5 in Armour
  8703 | D:9      | Found a hazy altar of Hepliaklqana.
  8947 | D:9      | Reached skill level 14 in Necromancy
  8947 | D:9      | Reached XP level 11. HP: 80/80 MP: 20/20
  9389 | D:10     | Entered Level 10 of the Dungeon
  9672 | D:10     | Reached skill level 15 in Necromancy
  9758 | D:10     | Noticed Fannar
  9765 | D:10     | Killed Fannar
  9919 | D:10     | Noticed Erica
  9929 | D:10     | Killed Erica
 10012 | D:10     | Found an ancient bone altar of Kikubaaqudgha.
 10014 | D:10     | Found a snail-covered altar of Cheibriados.
 10014 | D:10     | Found a hide-covered altar of Uskayaw.
 10020 | D:10     | Became a worshipper of Kikubaaqudgha
 10263 | D:11     | Found a staircase to the Lair.
 10281 | D:11     | Gained mutation: You sometimes emit foul miasma when
                  | damaged in melee. [demonic ancestry]
 10281 | D:11     | Reached XP level 12. HP: 89/89 MP: 21/21
 10356 | D:11     | Reached * piety under Kikubaaqudgha
 10356 | D:11     | Received a gift from Kikubaaqudgha
 10447 | D:11     | Noticed a boulder beetle
 10460 | D:11     | Killed a boulder beetle
 10479 | D:11     | Found a gate leading to a gauntlet.
 10488 | Gauntlet | Entered a Gauntlet
 10488 | Gauntlet | Found a transporter.
 10488 | Gauntlet | Found a transporter.
 10491 | Gauntlet | Found a transporter.
 10493 | Gauntlet | Found a transporter.
 10493 | Gauntlet | Found a transporter.
 10532 | Gauntlet | Found a transporter.
 10532 | Gauntlet | Found a transporter.
 10544 | Gauntlet | Found a transporter.
 10560 | Gauntlet | Found a transporter.
 10570 | Gauntlet | Found a transporter.
 10578 | Gauntlet | Noticed a ghost crab
 10584 | Gauntlet | Found a transporter.
 10599 | Gauntlet | Found a transporter.
 10606 | Gauntlet | Found a transporter.
 10619 | Gauntlet | Found a transporter.
 10887 | D:10     | Learned a level 6 spell: Death Channel
 10901 | D:10     | Mangled by a sixfirhy

Illustrated notes

Levels and vault maps discovered:
D:1:      mrwooster_arrival_statue_2, layout_loops_ring, minmay_misc_feat_tower
D:2:      layout_rooms, basic_altar, hellmonk_ecumenical_altar_run_dry,
          minmay_fountain_box
D:3:      layout_loops_ring, grunt_temple_overflow_gold_and_silver,
          uniq_natasha, uniq_ijyb
D:4:      layout_loops_ring, minmay_temple_entry_arrows,
          eino_small_chamber_without_monster, kennysheep_generic_room_14
D:5:      layout_basic, overflow_temple_1_default, serial_shops, shop,
          fountainhead
D:6:      layout_loops_cross, kennysheep_pointless_box, uniq_crazy_yiuf_cottage
D:7:      layout_loops_ring, enter_bailey_2, kb_lookout_dungeons_type,
          uniq_maggie
D:8:      layout_gridville, nicolae_shop_vocational, uniq_joseph
D:9:      layout_basic, grunt_temple_overflow_open, reono_crystal_passage
D:10:     layout_basic, grunt_temple_overflow_diamond, minivault_16,
          uniq_fannar, uniq_erica
D:11:     layout_long_grid, minmay_lair_entry_grove, serial_demonic,
          serial_demonic_f, serial_demonic_d, serial_demonic_f,
          serial_demonic_c, gauntlet_entry_generic
Temple:   nicolae_temple_god_jail

Skill      XL: |  1  2  3  4  5  6  7  8  9 10 11 12 |
---------------+-------------------------------------+-----
Fighting       | 1 2 3 4 5 6 7 |  7.4
Necromancy     | 5 6 7 9 10 14 15 | 15.7
Spellcasting   | 3 4 5 6 |  6.0
Shields        | 1 4 |  4.0
Polearms       | 4 5 6 7 |  7.3
Armour         | 4 5 |  5.0
Dodging        | |  1.7
Stealth        | |  1.7

Action                   |  1- 3 |  4- 6 |  7- 9 | 10-12 || total
-------------------------+-------+-------+-------+-------++-------
Melee: Staff             |       |    16 |       |       ||    16
       Spear             |       |       |   204 |   288 ||   492
       Headbutt          |       |       |    22 |    46 ||    68
 Fire: Sling             |    45 |    12 |       |       ||    57
 Cast: Necrotise         |    51 |   100 |    76 |    15 ||   242
       Vampiric Draining |       |    11 |    19 |     2 ||    32
       Animate Dead      |       |       |     9 |     7 ||    16
       Death Channel     |       |       |       |     1 ||     1
  Use: Potion            |     1 |     4 |     1 |     4 ||    10
       Scroll            |       |       |    19 |     5 ||    24
 Stab: Sleeping          |       |       |    14 |     2 ||    16
       Distracted        |       |       |       |     1 ||     1
Armor: Robe              |    12 |     1 |       |       ||    13
       Leather armour    |       |       |    33 |       ||    33
       Swamp dragon scal |       |       |    14 |   115 ||   129
Dodge: Dodged            |    26 |    32 |   110 |   143 ||   311
Block: Buckler           |       |     7 |    62 |    59 ||   128

Table legend: (Time is in decaauts)
 A = Elapsed time spent in this place.
 B = Non-inter-level travel time spent in this place.
 C = Inter-level travel time spent in this place.
 D = Time resting spent in this place.
 E = Time spent auto-exploring this place.
 F = Levels seen in this place.
 G = Mean time per level.
                   A        B        C        D        E       F      G
               +--------+--------+--------+--------+--------+-----+--------+
         Total |  10908 |  10550 |    358 |    529 |   7337 |  14 |  779.1 |
       Dungeon |  10242 |   9892 |    350 |    501 |   7096 |  11 |  931.1 |
        Temple |    109 |    101 |      8 |      0 |     59 |   1 |  109.0 |
        Bailey |    394 |    394 |      0 |     28 |    152 |   1 |  394.0 |
      Gauntlet |    161 |    161 |      0 |      0 |     30 |   1 |  161.0 |
               +--------+--------+--------+--------+--------+-----+--------+

Top non-repeatable levels by time:
     D:3: 1832 daAuts
     D:4: 1115 daAuts
     D:5: 1060 daAuts
     D:8: 898 daAuts
    D:10: 898 daAuts
     D:1: 884 daAuts
     D:6: 836 daAuts
     D:2: 805 daAuts
     D:7: 764 daAuts
     D:9: 725 daAuts
    D:11: 420 daAuts
  Bailey: 394 daAuts
Gauntlet: 161 daAuts
  Temple: 109 daAuts
